 Dungeon Crawl Stone Soup version 0.31-a0-1511-g961fd35ebc (webtiles) character file.

Game seed: 10951156395470651962

22 Colgate the Twirler (level 2, 0/22 HPs)
             Began as a Demonspawn Gladiator on Dec 30, 2023.
             Slain by a goblin
             ... wielding a +0 club
             ... led by Robin
              (6 damage)
             ... on level 1 of the Dungeon.
             The game lasted 00:02:28 (875 turns).

Colgate the Twirler (Demonspawn Gladiator)           Turns: 875, Time: 00:02:29

Health: 0/22       AC:  5    Str: 14    XL:     2   Next: 68%
Magic:  2/2        EV: 12    Int:  8    God:
Gold:   85         SH:  0    Dex: 14    Spells: 1/1 levels left

rFire   . . .        a - +0 quarterstaff
rCold   . . .        (shield currently unavailable)
rNeg    . . .        b - +0 leather armour
rPois   .            c - +0 helmet
rElec   .            (no cloak)
rCorr   .            i - +0 pair of gloves
SInv    .            (no boots)
Will    .....        (no amulet)
Stlth   +            (no ring)
HPRegen 0.23/turn    (no ring)
MPRegen 0.16/turn

%: no passive effects
@: no status effects
A: magic regeneration
a: no special abilities


You were on level 1 of the Dungeon.
You visited 1 branch of the dungeon, and saw 2 of its levels.

You collected 85 gold pieces.

Inventory:

Hand Weapons
 a - a +0 quarterstaff (weapon)
Missiles
 d - 3 throwing nets (quivered) {!f}
 e - a javelin
 m - 5 poisoned darts
Armour
 b - a +0 leather armour (worn)
 c - a +0 helmet (worn)
 i - a +0 pair of gloves (worn)
Scrolls
 g - a scroll of summoning
 k - a scroll of torment {unknown}
Potions
 h - 2 potions of heal wounds {unknown}
 j - 2 potions of resistance {unknown}
 l - a potion of haste {unknown}


   Skills:
 - Level 2.0 Fighting
 + Level 3.6 Staves
 - Level 1.7 Throwing
 - Level 2.6 Dodging


You had one spell level left.
You didn't know any spells.
Your spell library was empty.

Dungeon Overview and Level Annotations

Branches:
Dungeon (2/15)

Altars:

Annotations:
D:1 Robin


Innate Abilities, Weirdness & Mutations

You regenerate magic rapidly.


Message History

Unknown command.
No target in view!
Done exploring.
(D) Dungeon
Where to? (? - help)
There is an open door here.
There is a stone staircase leading down here.
You climb downwards.
Robin shouts!
The goblin shouts! x3; The hobgoblin shouts!
The goblin shouts! x3
The adder hisses angrily.
You hear a shout!
The hobgoblin shouts!
You hear a shout!
Found 4 stones and 11 gold pieces.
There is a stone staircase leading up here.
There are monsters nearby!
The goblin hits you but does no damage. The goblin hits you with a +0 dagger.
The goblin hits you with a +0 club.
Robin roars a battlecry!
The goblins go into a battle-frenzy!
You climb upwards.
There is a stone staircase leading down here.
Robin barely misses you. The goblin closely misses you.
The goblin attacks as it pursues you! The goblin hits you with a +0 dagger.
The goblin attacks as it pursues you! The goblin hits you but does no damage.
You see here a +0 dagger.
Robin throws the goblin at you! The goblin closely misses you. x2
Robin throws the goblin at you! The goblin hits you with a +0 dagger.
You closely miss the goblin. The goblin closely misses you.
The goblin hits you with a +0 dagger. x2; The goblin hits you with a +0 club.
You barely miss the goblin. The goblin closely misses you.
The goblin completely misses you. The goblin hits you with a +0 club.
You closely miss the goblin. Robin hits you with a +0 whip.
* * * LOW HITPOINT WARNING * * *
The goblin misses you. The goblin barely misses you.
The goblin hits you but does no damage.
As you read the scroll labelled RISMUS IHICU, it crumbles to dust.
It is a scroll of identify.
g - a scroll of summoning The goblin hits you but does no damage.
The goblin closely misses you. The goblin hits you with a +0 club.
You die...

.#.##.....#.##########
...########.#........#
#### #.+........# #
###........# #
#.....######
###########.....#
..........+....>#
###########...)g#######
# #........g@g....# #
###.#######g#####.# #
#...#######.#...#.# #
#.##............#.# #
#.##.######.#.###.###
## #.##.# #.#.#...(.#
.# #.##.# #.#.#.#.#.#
.#
#.##.######.#.#.#.#.#
.#
#.##.#........#.#.#.#


You could see Robin and 3 goblins.

Vanquished Creatures
  An endoplasm (D:1)
  5 goblins (D:1)
  2 hobgoblins (D:1)
  A quokka (D:1)
  4 ball pythons (D:1)
  4 bats (D:1)
  2 frilled lizards (D:1)
  2 kobolds (D:1)
  A rat (D:1)
22 creatures vanquished.

Notes
Turn   | Place    | Note
-------+----------+-------------------------------------------
     0 | D:1      | Colgate the Demonspawn Gladiator began the quest for the
                  | Orb.
     0 | D:1      | Reached XP level 1. HP: 16/16 MP: 1/1
    52 | D:1      | Reached skill level 3 in Staves
   183 | D:1      | Gained mutation: You regenerate magic rapidly. [demonic
                  | ancestry]
   183 | D:1      | Reached XP level 2. HP: 19/22 MP: 2/2
   866 | D:2      | Noticed Robin
   875 | D:1      | Slain by a goblin

Illustrated notes

Levels and vault maps discovered:
D:1:      eino_arrival_druids_welcome, layout_basic
D:2:      layout_basic, st_stairs_8, minmay_tetromino_o2, uniq_terence,
          uniq_robin

Skill      XL: |  1 |
---------------+----+-----
Staves         | 3 |  3.6
Fighting       | |  2.0
Throwing       | |  1.7
Dodging        | |  2.6

Action                     || total
---------------------------++-------
  Melee: Quarterstaff      ||    63
    Use: Scroll            ||     1
   Stab: Sleeping          ||     1
 Armour: Leather armour    ||    47
  Dodge: Dodged            ||    43

Table legend: (Time is in decaauts)
 A = Elapsed time spent in this place.
 B = Non-inter-level travel time spent in this place.
 C = Inter-level travel time spent in this place.
 D = Time resting spent in this place.
 E = Time spent auto-exploring this place.
 F = Levels seen in this place.
 G = Mean time per level.
                   A        B        C        D        E       F      G
               +--------+--------+--------+--------+--------+-----+--------+
         Total |    883 |    832 |     51 |    109 |    562 |   2 |  441.5 |
       Dungeon |    883 |    832 |     51 |    109 |    562 |   2 |  441.5 |
               +--------+--------+--------+--------+--------+-----+--------+

Top non-repeatable levels by time:
     D:1: 881 daAuts
     D:2: 1 daAuts
